 Dungeon Crawl Stone Soup version 0.31-a0-851-g7ff8af7976 (webtiles) character file.

Game seed: 10756923300955084504

38 CrazyBamboolord the Grave Robber (level 3, -12/17 HPs)
             Began as a Vine Stalker Necromancer on Oct 5, 2023.
             Engulfed by a cloud of flame (19 damage)
             ... on level 2 of the Dungeon.
             The game lasted 00:04:16 (1636 turns).

CrazyBamboolord the Grave Robber (VSNe)             Turns: 1636, Time: 00:04:17

Health: -12/17     AC:  3    Str: 10    XL:     3   Next: 43%
Magic:  0/8        EV: 12    Int: 17    God:
Gold:   65         SH:  0    Dex: 20    Spells: 3/7 levels left

rFire   . . .        c - +0 dagger
rCold   . . .        (no shield)
rNeg    + . .        a - +0 robe
rPois   .            (no helmet)
rElec   .            g - scarf {+Inv}
rCorr   .            (no gloves)
SInv    .            i - +0 pair of boots
Will    .....        (no amulet)
Stlth   +++          e - +6 ring of dexterity
HPRegen 1.02/turn    j - ring of positive energy
MPRegen 0.11/turn

%: guardian spirit
@: no status effects
A: fangs 2, regeneration 1, magic shield, antimagic bite, no potion heal 2
a: Evoke Invisibility


You were on level 2 of the Dungeon.
You visited 1 branch of the dungeon, and saw 2 of its levels.

You collected 65 gold pieces.

Inventory:

Hand Weapons
 c - a +0 dagger (weapon)
Armour
 a - a +0 robe (worn)
 g - a scarf of invisibility (worn)
 i - a +0 pair of boots (worn)
Jewellery
 e - a +6 ring of dexterity (left hand)
 j - a ring of positive energy (right hand)
Scrolls
 d - a scroll of immolation
 f - a scroll of enchant weapon {unknown}
 h - a scroll of butterflies {unknown}
 k - a scroll of identify
 n - a scroll of teleportation {unknown}
 o - a scroll of torment {unknown}
 q - a scroll of fog {unknown}
Potions
 b - a potion of magic
 l - a potion of invisibility {unknown}
 m - 3 potions of curing
 p - a potion of haste {unknown}


   Skills:
 + Level 0.5 Fighting
 + Level 1.7 Dodging
 * Level 2.9 Stealth
 * Level 2.7 Spellcasting
 * Level 0.3 Hexes
 * Level 4.2 Necromancy
 * Level 1.0 Ice Magic


You had 3 spell levels left.
You knew the following spells:

 Your Spells              Type           Power      Damage    Failure   Level
a - Necrotise             Necr           64%        1d7       3%          1
b - Vampiric Draining     Necr           16%        2d7       10%         3

Your spell library contained the following spells:

 Spells                   Type           Power      Damage    Failure   Level
 Ensorcelled Hibernation  Hex/Ice        8%         N/A       21%         2
 Passwall                 Tmut/Erth      1%         N/A       26%         2
 Swiftness                Air            2%         N/A       47%         3
 Animate Dead             Necr           16%        N/A       32%         4
 Agony                    Necr           16%        N/A       65%         5


Dungeon Overview and Level Annotations

Branches:
Dungeon (2/15)

Altars:

Shops:
D:1 (?


Innate Abilities, Weirdness & Mutations

You have extremely sharp teeth.
Your natural rate of healing is unusually fast.
When hurt, damage is shared between your health and your magic reserves.
Your bite disrupts and absorbs the magic of your enemies.
Potions cannot restore your health.


Message History

q - a scroll labelled EZI ITYNUN Your rat skeleton crumbles into dust!
Found a mace.
Found a mace.
You see here a +0 mace.
You see here a +0 mace.
Sigmund the Dreaded comes into view.
He is wielding a +0 scythe.
Sigmund is nearby!
A ball python comes into view.
Sigmund shouts!
Aiming: Necrotise (safe; 3% risk of failure)
Press: ? - help, Q - select action, (/) - cycle Shift-Dir - straight line, f - Sigmund
Aim: Sigmund, wielding a +0 scythe and wearing a +0 robe (chance to affect: 80%) Sigmund barely resists.
The ball python hisses angrily.
As you read the scroll labelled QOPLEO WAMP, it crumbles to dust.
The creatures around you are filled with an inner flame!
It was a scroll of immolation.
Sigmund hits you but does no damage.
As you read the scroll labelled VEW RAEREVO, it crumbles to dust.
It is a scroll of identify.
m - 3 potions of curing Unknown command.
Aiming: Necrotise (safe; 3% risk of failure)
Press: ? - help, Q - select action, (/) - cycle Shift-Dir - straight line, f - ball python, p - Sigmund
Aim: a ball python (inner flame, chance to affect: 86%)
The ball python barely resists.
Sigmund barely misses you.
Unknown command.
Aiming: Necrotise (safe; 3% risk of failure)
Press: ? - help, Q - select action, (/) - cycle Shift-Dir - straight line, f/p - ball python
Aim: a ball python (inner flame, chance to affect: 86%)
The ball python writhes in agony.
The ball python explodes!
The fiery explosion engulfs you!
Ouch! That really hurt!
The fiery explosion engulfs Sigmund!!!
Sigmund explodes!
You are engulfed in blazing flames.
Ouch! That really hurt!
You die...

#####....########.###.
#######....# #......
#..........# #......
#.#####....#######..#.#.
#.....#....##...........
###.......#.#....#..8..#..
#.........)...#....##.:.##..
######.............#######..
###....@####...##.[.##..
#......§# #...#..8..#..
#.#.#.§§# #............
#.#.#...# #.###........ .
....... #......###### #
#..##.... #<.###.# #.. ...#.
##.# #.# #. #..#. #.# #.# #
#....# #.# #.#


There were no monsters in sight!

Vanquished Creatures
  Sigmund (D:2)
  4 endoplasms
  A giant cockroach (D:1)
  3 goblins (D:1)
  2 hobgoblins
  3 jackals (D:2)
  2 quokkas
  3 ball pythons (D:2)
  2 bats (D:1)
  2 frilled lizards
  A kobold (D:1)
  4 rats
28 creatures vanquished.

Vanquished Creatures (collateral kills)
  An adder (D:2)
1 creature vanquished.

Grand Total: 29 creatures vanquished

Notes
Turn   | Place    | Note
-------+----------+-------------------------------------------
     0 | D:1      | CrazyBamboolord the Vine Stalker Necromancer began the
                  | quest for the Orb.
     0 | D:1      | Reached XP level 1. HP: 9/9 MP: 4/4
   235 | D:1      | Reached XP level 2. HP: 11/13 MP: 0/6
   362 | D:1      | Found Hoawad's Magic Scroll Boutique.
   733 | D:1      | Found Yrrypr Joet's General Store.
   790 | D:1      | Found Wupycw's Antique Weapon Emporium.
  1084 | D:2      | Reached XP level 3. HP: 17/17 MP: 5/7
  1093 | D:2      | Learned a level 3 spell: Vampiric Draining
  1371 | D:2      | Reached skill level 1 in Ice Magic
  1627 | D:2      | Noticed Sigmund
  1636 | D:2      | Killed Sigmund
  1636 | D:2      | Engulfed by a cloud of flame

Illustrated notes

Levels and vault maps discovered:
D:1:      onia_arrival_mini_maze, layout_loops_cross, serial_shops,
          shop_fountains, nicolae_shop_tiny_real_fake_doors, shop,
          minmay_misc_feat_ornament, reono_crystal_passage, minivault_11,
          minmay_tripent
D:2:      layout_basic, mrwooster_statue_mirror, kennysheep_minor_cross,
          uniq_sigmund

Skill      XL: |  1  2  3 |
---------------+----------+-----
Ice Magic      | 1 |  1.0
Fighting       | |  0.5
Dodging        | |  1.7
Stealth        | |  2.9
Spellcasting   | |  2.7
Hexes          | |  0.3
Necromancy     | |  4.2

Action                     || total
---------------------------++-------
  Melee: Dagger            ||    13
         Bite              ||     4
         Unarmed           ||     1
   Cast: Necrotise         ||    47
    Use: Scroll            ||     2
   Stab: Sleeping          ||     2
 Armour: Robe              ||    24
  Dodge: Dodged            ||    40

Table legend: (Time is in decaauts)
 A = Elapsed time spent in this place.
 B = Non-inter-level travel time spent in this place.
 C = Inter-level travel time spent in this place.
 D = Time resting spent in this place.
 E = Time spent auto-exploring this place.
 F = Levels seen in this place.
 G = Mean time per level.
                   A        B        C        D        E       F      G
               +--------+--------+--------+--------+--------+-----+--------+
         Total |   1634 |   1540 |     94 |      0 |   1330 |   2 |  817.0 |
       Dungeon |   1634 |   1540 |     94 |      0 |   1330 |   2 |  817.0 |
               +--------+--------+--------+--------+--------+-----+--------+

Top non-repeatable levels by time:
     D:1: 1011 daAuts
     D:2: 622 daAuts
